 Dungeon Crawl Stone Soup version 0.29.1-1-gd02db6906a (webtiles) character file.

Game seed: 10576612561984606406

3392 Metae the Fighter (level 9, -3/82 HPs)
             Began as a Minotaur Fighter on Sept 27, 2022.
             Was an Initiate of Okawaru.
             Killed by the air
             ... invoked by Gastronok
              (21 damage)
             ... on level 8 of the Dungeon.
             The game lasted 00:24:52 (8054 turns).

Metae the Fighter (Minotaur Fighter)                Turns: 8054, Time: 00:24:52

Health: -3/82      AC: 15    Str: 26    XL:     9   Next: 75%
Magic:  8/8        EV:  9    Int:  5    God:    Okawaru [......]
Gold:   366        SH:  5    Dex:  9    Spells: 8/8 levels left

rFire   . . .      SeeInvis .   a - +0 war axe
rCold   + . .      Faith    .   c - +0 buckler
rNeg    . . .      Spirit   .   p - +0 ice dragon scales
rPois   .          Reflect  .   (helmet restricted)
rElec   .          Harm     .   v - +0 cloak
rCorr   .          Rampage  .   n - +0 pair of gloves
Will    .....                   (no boots)
Stlth   ..........              (no amulet)
HPRegen 0.23/turn               w - ring of fire
MPRegen 0.11/turn               (no ring)

@: no status effects
A: horns 2, retaliatory headbutt
a: Renounce Religion


You were on level 8 of the Dungeon.
You worshipped Okawaru.
Okawaru was noncommittal.
You visited 2 branches of the dungeon, and saw 9 of its levels.

You collected 366 gold pieces.

Inventory:

Hand Weapons
 a - a +0 war axe (weapon)
 d - a +1 whip of flaming
 e - a +0 sling
 L - a +3 spear
Missiles
 b - 4 javelins
 i - 9 boomerangs (quivered)
 o - 36 stones
 y - a throwing net
Armour
 c - a +0 buckler (worn)
 m - a scarf of invisibility
 n - a +0 pair of gloves (worn)
 p - +0 ice dragon scales (worn)
 v - a +0 cloak (worn)
Jewellery
 w - a ring of fire (left hand)
Wands
 G - a wand of paralysis (10)
 K - a wand of flame (18)
Scrolls
 f - 3 scrolls of vulnerability
 h - a scroll of fear
 j - 2 scrolls of noise
 k - 2 scrolls of enchant armour
 l - 2 scrolls of poison {unknown}
 q - 2 scrolls of magic mapping
 r - a scroll of immolation
 s - a scroll of summoning {unknown}
 t - 2 scrolls of enchant weapon
 x - a scroll of brand weapon {unknown}
 B - a scroll of silence {unknown}
 F - a scroll of acquirement {unknown}
 H - 4 scrolls of identify
 J - a scroll of blinking {unknown}
Potions
 g - a potion of degeneration
 u - 2 potions of curing {unknown}
 z - a potion of brilliance
 A - a potion of flight {unknown}
 C - 2 potions of mutation {unknown}
 D - 2 potions of haste {unknown}
 E - a potion of heal wounds {unknown}
 I - a potion of berserk rage {unknown}


   Skills:
 + Level 8.5 Fighting
 + Level 7.8 Axes
 + Level 8.4 Armour
 + Level 8.3 Shields
 + Level 5.2 Evocations


You had 8 spell levels left.
You didn't know any spells.
Your spell library contained the following spells:

 Spells                   Type           Power      Damage    Failure   Level
 Apportation              Tloc           0%         N/A       85%         1
 Confusing Touch          Hex            0%         N/A       99%         3
 Dazzling Flash           Conj/Hex       0%         N/A       99%         3
 Ignite Poison            Fire/Tmut/Pois 0%         N/A       99%         3
 Mephitic Cloud           Conj/Pois/Air  0%         N/A       99%         3
 Agony                    Necr           0%         N/A       100%        5
 Alistair's Intoxication  Tmut/Pois      0%         N/A       100%        5
 Freezing Cloud           Conj/Ice/Air   0%         6-21      100%        5
 Silence                  Hex/Air        0%         N/A       100%        5
 Yara's Violent Unravell  Hex/Tmut       0%         3d3       100%        5
 Enfeeble                 Hex            0%         N/A       100%        7


Dungeon Overview and Level Annotations

Branches:
Dungeon (8/15)             Temple (1/1) D:6
   Lair: D:8-11

Altars:
Ashenzari
Cheibriados
Dithmenos
Elyvilon
Fedhas
Gozag
Kikubaaqudgha
Makhleb
Nemelex Xobeh
Okawaru
Qazlal
Ru
Sif Muna
Trog
Vehumet
Wu Jian
Xom
Yredelemnul
Zin
The Shining One

Annotations:
D:3 3 runed translucent doors, enotiy's ghost, amateur MiBe
D:8 Gastronok


Innate Abilities, Weirdness & Mutations

You have a pair of horns on your head.
You reflexively headbutt those who attack you in melee.


Message History

You hit Gastronok but do no damage. You headbutt Gastronok!
Gastronok is moderately wounded.
You hit the river rat.
You kill the river rat!
The river rat's corpse disappears in a puff of smoke!
Gastronok mumbles some strange words.
You barely miss Gastronok.
Gastronok is moderately wounded.
You slash Gastronok!
Gastronok is heavily wounded.
You barely miss the rat. The rat bites you but does no damage.
Gastronok bites you!
You hit Gastronok. You headbutt Gastronok!
Gastronok is heavily wounded.
You barely miss the rat. You hit the rat.
You kill the rat!
The rat's corpse disappears in a puff of smoke!
You block the rat's attack.
You completely miss Gastronok.
Gastronok is heavily wounded.
You closely miss the rat. The rat closely misses you. Gastronok bites you!
You slash Gastronok!
Gastronok is severely wounded.
You slash the rat!
You kill the rat!
The rat's corpse disappears in a puff of smoke!
Gastronok bites you!
* * * LOW HITPOINT WARNING * * *
You hit Gastronok but do no damage. You headbutt Gastronok.
Gastronok is severely wounded.
You slash Gastronok!
Gastronok is severely wounded.
Gastronok barely misses you.
You hit Gastronok.
Gastronok is almost dead.
You hit Gastronok. You headbutt Gastronok.
Gastronok is almost dead.
Gastronok waves his eye-stalks in wide circles.
The air twists around and strikes you!!
You die...

#.#########
##.........#
#..........#
...........#
#.........#
#.........#
#.....w...#
#.....@...#
#.?.......#
#.........#
###########


You could see Gastronok (swift).

Vanquished Creatures
  Pikel (D:6)
  6 yaks (D:6)
  3 black bears
  3 phantoms
  2 bullfrogs
  4 necrophages
  2 scorpions
  5 wights (D:7)
  2 howler monkeys
  9 hounds
  3 orc priests
  Crazy Yiuf (D:4)
  A jelly (D:7)
  3 iguanas
  2 orc wizards
  4 gnolls (D:4)
  8 adders
  A white imp (D:6)
  An ufetubus (D:5)
  A worm (D:4)
  8 orcs
  5 ball pythons
  2 bats
  12 endoplasms
  7 giant cockroaches
  8 goblins
  13 hobgoblins
  6 jackals
  11 quokkas
  2 frilled lizards
  3 kobolds
  6 rats
  A toadstool (D:3)
146 creatures vanquished.

Vanquished Creatures (others)
  11 fungi (D:3)
  2 toadstools (D:3)
13 creatures vanquished.

Grand Total: 159 creatures vanquished

Notes
Turn   | Place    | Note
-------+----------+-------------------------------------------
     0 | D:1      | Metae the Minotaur Fighter began the quest for the Orb.
     0 | D:1      | Reached XP level 1. HP: 19/19 MP: 0/0
    21 | D:1      | Found a faded altar of an unknown god.
   211 | D:1      | Reached XP level 2. HP: 26/27 MP: 1/1
   617 | D:1      | Reached XP level 3. HP: 33/33 MP: 2/2
   702 | D:2      | You fall into a shaft and drop 1 floor!
  1181 | D:2      | Reached XP level 4. HP: 35/41 MP: 3/3
  2250 | D:3      | Found a runed translucent gate.
  2250 | D:3      | Found a runed translucent gate.
  2250 | D:3      | Found a runed translucent gate.
  2258 | D:3      | Noticed enotiy's ghost (amateur MiBe)
  2834 | D:4      | Reached XP level 5. HP: 47/47 MP: 4/4
  2980 | D:4      | Found a sparkling altar of Nemelex Xobeh.
  2983 | D:4      | Reached skill level 1 in Evocations
  3108 | D:4      | Reached skill level 5 in Fighting
  3121 | D:4      | Reached skill level 5 in Armour
  3121 | D:4      | Reached XP level 6. HP: 56/56 MP: 5/5
  3158 | D:4      | Reached skill level 5 in Shields
  3257 | D:4      | Found a runed translucent door.
  3258 | D:4      | Noticed Crazy Yiuf
  3265 | D:4      | Killed Crazy Yiuf
  3853 | D:5      | Entered Level 5 of the Dungeon
  3903 | D:5      | Reached XP level 7. HP: 61/61 MP: 6/6
  3918 | D:5      | Found an iron altar of Okawaru.
  3918 | D:5      | Found a shimmering altar of Xom.
  3920 | D:5      | Found a shimmering blue altar of Sif Muna.
  4107 | D:5      | Found a shadowy altar of Dithmenos.
  4134 | D:5      | Reached skill level 5 in Axes
  4141 | D:5      | Found a basalt altar of Yredelemnul.
  4175 | D:5      | Reached XP level 8. HP: 32/71 MP: 7/7
  4367 | D:5      | Found an opulent altar of Gozag.
  5214 | D:6      | Noticed Pikel
  5227 | D:6      | Killed Pikel
  5263 | D:6      | Reached XP level 9. HP: 28/79 MP: 8/8
  5902 | D:6      | Found a staircase to the Ecumenical Temple.
  5979 | Temple   | Entered the Ecumenical Temple
  6305 | D:5      | Became a worshipper of Warmaster Okawaru
  6396 | D:6      | Found a glowing silver altar of Zin.
  6473 | D:6      | Found a sacrificial altar of Ru.
  6756 | D:7      | Reached skill level 5 in Evocations
  7656 | D:7      | Reached * piety under Okawaru
  7820 | D:8      | Noticed a two-headed ogre
  8029 | D:8      | Noticed Gastronok
  8054 | D:8      | Killed from afar by Gastronok

Illustrated notes

Levels and vault maps discovered:
D:1:      roderic_octagonal_star, layout_rooms,
          shapermc_ecumenical_altar_pompeii
D:2:      layout_basic
D:3:      minmay_diamond_boxcup, layout_basic, biasface_ghost_orc_armoury,
          gup_sewer_entry_pipe, minmay_gold_behind_fungi, minmay_bisected
D:4:      layout_rooms, mainiacjoe_overflow_tiny_flanked, serial_bayou_pond_e,
          minmay_puff, uniq_crazy_yiuf_cottage
D:5:      layout_cave_pods, nicolae_overflow_hidden_temple,
          nicolae_dithmenos_the_darkroom
D:6:      layout_cave_pools, mainiacjoe_overflow_alcove_4, old_standard_altar,
          minmay_temple_entry_mist, uniq_pikel
D:7:      layout_loops_corners
D:8:      kennysheep_steamy, layout_basic, mainiacjoe_overflow_divided_tiny,
          david_lair_generic, serial_shops, shop_fountains, uniq_amaemon,
          uniq_gastronok, uniq_maurice
Temple:   minmay_temple_curvy_loop

Skill      XL: |  1  2  3  4  5  6  7  8  9 |
---------------+----------------------------+-----
Armour         | 4 5 6 7 8 |  8.4
Fighting       | 4 5 6 7 8 |  8.5
Shields        | 4 5 6 7 8 |  8.3
Axes           | 3 4 5 6 7 |  7.8
Evocations     | 1 2 3 4 5 |  5.2

Action                   |  1- 3 |  4- 6 |  7- 9 || total
-------------------------+-------+-------+-------++-------
Melee: War axe           |    72 |   147 |   184 ||   403
       Headbutt          |     4 |    16 |    37 ||    57
Throw: Boomerang         |       |     1 |    13 ||    14
  Use: Scroll            |       |     6 |     3 ||     9
       Potion            |       |       |     1 ||     1
Armor: Scale mail        |    30 |       |       ||    30
       Ice dragon scales |     5 |    82 |   131 ||   218
Dodge: Dodged            |    41 |    77 |    85 ||   203
Block: Buckler           |    24 |    37 |    57 ||   118
